 Dungeon Crawl Stone Soup version 0.31-a0-229-g1fc7ce9 (webtiles) character file.

Game seed: 2928939569524822438

15801 Dawnplanks the Stormcaller (level 12, -4/64 HPs)
             Began as a Tengu Air Elementalist on July 6, 2023.
             Was a Believer of Vehumet.
             Slain by a minotaur
             ... wielding a +4 dagger of speed
              (10 damage)
             ... in a Gauntlet.
             The game lasted 00:31:24 (13356 turns).

Dawnplanks the Stormcaller (TeAE)                  Turns: 13356, Time: 00:31:25

Health: -4/64      AC:  8    Str: 14    XL:     12   Next: 30%
Magic:  11/46      EV: 18    Int: 20    God:    Vehumet [**....]
Gold:   807        SH:  0    Dex: 24    Spells: 8/33 levels left

rFire   + . .        k - +9 spear of Darkness {flame, Dex+3}
rCold   . . .        (no shield)
rNeg    . . .        O - +2 robe of the Desert {Regen+ Archmagi}
rPois   .            l - +2 hat
rElec   .            (no cloak)
rCorr   .            T - +1 pair of gloves "Maif" {MP+9}
SInv    .            (boots unavailable)
Will    .....        R - amulet of regeneration
Stlth   +++          N - ring "Ruodd" {rF+ MP+9 Str+5}
HPRegen 1.90/turn    w - +6 ring of dexterity
MPRegen 0.30/turn

%: no teleportation, archmagi
@: swift, flying quickly and evasively, invisible, very quick
A: beak, talons 3, nimble flight, subdued magic 1
a: Renounce Religion


You were in a Gauntlet.
You worshipped Vehumet.
Vehumet was pleased with you.
You visited 3 branches of the dungeon, and saw 14 of its levels.
You also visited: Ossuary and Gauntlet.

You collected 807 gold pieces.

Inventory:

Hand Weapons
 k - the +9 spear of Darkness (weapon) {flame, Dex+3}
   (You found it on level 2 of the Dungeon)

   Dex:       It affects your dexterity (+3).
Missiles
 A - a throwing net
Armour
 a - a +2 hat
 l - a +2 hat (worn)
 K - a +3 leather armour
 L - a +2 leather armour of fire resistance
 O - the +2 robe of the Desert (worn) {Regen+ Archmagi}
   (You found it on level 10 of the Dungeon)

   Regen:     It increases your rate of health regeneration.
   Archmagi:  It increases the power of your magical spells.
 P - a +0 pair of gloves
 T - the +1 pair of gloves "Maif" (worn) {MP+9}
   (You found it in a Gauntlet)

   MP:        It affects your magic capacity (+9).
Magical Staves
 g - a staff of death
Jewellery
 o - a ring of wizardry
 w - a +6 ring of dexterity (right hand)
 y - a ring of positive energy
 z - a +6 ring of strength
 B - an amulet of the acrobat
 N - the ring "Ruodd" (left hand) {rF+ MP+9 Str+5}
   (You took it off a kobold on level 9 of the Dungeon)

   [ring of magical power]

   Str:       It affects your strength (+5).
   rF:        It protects you from fire.
   MP:        It affects your magic capacity (+9).
 R - an amulet of regeneration (around neck)
Wands
 q - a wand of flame (13)
 v - a wand of digging (4)
 x - a wand of roots (13)
 F - a wand of charming (14)
 G - a wand of light (10)
Scrolls
 e - 2 scrolls of enchant armour {unknown}
 h - 3 scrolls of amnesia {unknown}
 j - 5 scrolls of teleportation {unknown}
 n - a scroll of enchant weapon
 r - 6 scrolls of poison
 t - 3 scrolls of noise {unknown}
 u - a scroll of immolation {unknown}
 D - 4 scrolls of fog
 H - a scroll of brand weapon {unknown}
 I - a scroll of torment {unknown}
 J - a scroll of blinking {unknown}
 M - a scroll of fear {unknown}
Potions
 b - 5 potions of magic
 c - 4 potions of curing {unknown}
 d - 3 potions of lignification
 i - 2 potions of ambrosia
 m - a potion of heal wounds {unknown}
 p - 3 potions of might {unknown}
 s - 6 potions of degeneration {unknown}
 C - 3 potions of enlightenment {unknown}
 E - a potion of attraction {unknown}
 Q - a potion of brilliance {unknown}
 S - a potion of mutation


   Skills:
 + Level 2.5 Fighting
 + Level 6.2 Polearms
 + Level 1.9 Armour
 + Level 4.5 Dodging
 - Level 2.0 Stealth
 + Level 11.1 Spellcasting
 + Level 9.6 Conjurations
 + Level 15.4 Air Magic
 - Level 1.2 Poison Magic


You had 8 spell levels left.
You knew the following spells:

 Your Spells              Type           Power      Damage    Failure   Level
a - Shock                 Conj/Air       100%       1d9       1%          1
b - Static Discharge      Conj/Air       100%       2-7/arc   1%          2
c - Swiftness             Air            71%        N/A       0%          3
d - Airstrike             Air            35%        2d(6-22)  1%          4
e - Mephitic Cloud        Conj/Pois/Air  52%        N/A       1%          3
f - Magic Dart            Conj           100%       1d8       1%          1
g - Arcjolt               Conj/Air       31%        1d41      1%          5
h - Conjure Ball Lightni  Conj/Air       31%        3x3d10    4%          6

Your spell library contained the following spells:

 Spells                   Type           Power      Damage    Failure   Level
 Poisonous Vapours        Pois/Air       100%       N/A       1%          2
 Foxfire                  Conj/Fire      100%       2x1d9     1%          1
 Kiss of Death            Conj/Necr      100%       2d13      1%          1
 Dazzling Flash           Conj/Hex       70%        N/A       1%          3
 Hailstorm                Conj/Ice       35%        3d9       1%          3
 Beastly Appendage        Tmut           24%        N/A       4%          1
 Freeze                   Ice            48%        1d6       4%          1
 Iskenderun's Mystic Bla  Conj/Tloc      35%        2d8       7%          4
 Call Imp                 Summ           24%        N/A       8%          2
 Ensorcelled Hibernation  Hex/Ice        24%        N/A       8%          2
 Wereblood                Tmut           12%        N/A       8%          2
 Spider Form              Tmut/Pois      15%        N/A       12%         3
 Confusing Touch          Hex            12%        N/A       16%         3
 Frozen Ramparts          Ice            24%        1d4       16%         3
 Tukima's Dance           Hex            12%        N/A       16%         3
 Volatile Blastmotes      Fire/Tloc      24%        2d12      16%         3
 Fireball                 Conj/Fire      17%        3d9       21%         5
 Plasma Beam              Fire/Air       24%        2x1d36    32%         6
 Anguish                  Hex/Necr       6%         N/A       47%         4
 Dispel Undead            Necr           12%        3d9       47%         4
 Ice Form                 Ice/Tmut       12%        N/A       47%         4
 Summon Ice Beast         Ice/Summ       12%        N/A       47%         4
 Starburst                Conj/Fire      17%        6d6       75%         6
 Metabolic Englaciation   Hex/Ice        6%         N/A       83%         5


Dungeon Overview and Level Annotations

Branches:
Dungeon (12/15)            Temple (1/1) D:4            Lair (1/5) D:10
    Orc (0/2) D:9         Ossuary (visited)         Gauntlet (1/1)

Altars:
Ashenzari
Cheibriados
Dithmenos
Elyvilon
Fedhas
Gozag
Hepliaklqana
Kikubaaqudgha
Makhleb
Nemelex Xobeh
Okawaru
Qazlal
Ru
Sif Muna
Trog
Uskayaw
Vehumet
Wu Jian
Xom
Yredelemnul
Zin
The Shining One

Shops:
D:4 :   D:10 ?

Annotations:
Gauntlet 8 transporters, 2 runed translucent doors, exclusions: oklob plant and orange crystal statue


Innate Abilities, Weirdness & Mutations

You have a beak for a mouth.
You have claws for feet.
Your magical nature lets you fly swiftly and evasively.
Your spells are a little easier to cast, but a little less powerful.


Message History

Casting: Airstrike (safe; 1% risk of failure)
Confirm with . or Enter, or press ? or * to list all spells.
Aiming: Airstrike (safe; 1% risk of failure)
Press: ? - help, Dir - move target, f/p - minotaur
Aim: a minotaur, wielding a +1 heavy orcbow, wearing a +0 plate armour, wearing the ring of Ceopait {Ice rN++ Will+} and quivering javelins (heavily wounded, confused, empty space bonus: 3/8)
You feel a surge of power!
The air twists around and strikes the minotaur but does no damage.
Casting: Airstrike (safe; 1% risk of failure)
Confirm with . or Enter, or press ? or * to list all spells.
Aiming: Airstrike (safe; 1% risk of failure)
Press: ? - help, Dir - move target, f/p - minotaur
Aim: a minotaur, wielding a +1 heavy orcbow, wearing a +0 plate armour, wearing the ring of Ceopait {Ice rN++ Will+} and quivering javelins (heavily wounded, confused, empty space bonus: 4/8)
You feel a surge of power!
The air twists around and strikes the minotaur!
The minotaur is heavily wounded.
Casting: Airstrike (safe; 1% risk of failure)
Confirm with . or Enter, or press ? or * to list all spells.
Aiming: Airstrike (safe; 1% risk of failure)
Press: ? - help, Dir - move target, f/p - minotaur
Aim: a minotaur, wielding a +1 heavy orcbow, wearing a +0 plate armour, wearing the ring of Ceopait {Ice rN++ Will+} and quivering javelins (heavily wounded, confused, empty space bonus: 3/8)
You feel a surge of power!
The air twists around and strikes the minotaur!
The minotaur is severely wounded.
The minotaur seems less confused.
The minotaur unwields a +1 heavy orcbow.
The minotaur wields a +4 dagger of speed.
The minotaur hits you with a +4 dagger of speed!!
The minotaur completely misses you.
You hit the minotaur but do no damage.
You claw the minotaur, but do no damage.
You peck the minotaur, but do no damage.
The minotaur is severely wounded.
The minotaur hits you with a +4 dagger of speed!!
Ouch! That really hurt!
* * * LOW HITPOINT WARNING * * *
The minotaur gores you.
* * * LOW HITPOINT WARNING * * *
You fade into invisibility!
The minotaur closely misses you. The minotaur gores you!
You die...

#$:#...≈##...# #.##.P.##
.♣.#####
.###.♣..##........
#.©#.....#.♣.###.##
#.##...♣.#........
.###.....#.©.#.#..
#.=#.....#...#.#.# #####
####.....#.©.#...#8.8=8:
......∩..#...###@H......
####.....#.©.#...#8.8}8[
#.##.....#...#.#.#######
.#.#...P.#.©.#.#.....
#.##...♣.#..........8#
.#©#.P...#.♣.###.##.##
#.##.♣..##..........#
.#(#.P.###.♣.########
#.##...≈##...#


You could see a minotaur (unable to see you).

Vanquished Creatures
  A cacodemon (Gauntlet)
  4 two-headed ogres
  Amaemon (D:10)
  A wizard (Gauntlet)
  A necromancer (Gauntlet)
  An orange demon (D:10)
  A cane toad (Lair:1)
  A komodo dragon (Lair:1)
  2 trolls
  A blink frog (Lair:1)
  A hornet (D:9)
  Prince Ribbit (D:8)
  A shadow (D:11)
  A wraith (D:9)
  A wyvern (D:9)
  24 yaks
  A basilisk (D:11)
  Eustachio (D:5)
  3 neqoxecs (Gauntlet)
  A steam dragon (D:6)
  3 vampire mosquitoes (D:11)
  Menkaure (D:6)
  An acid dragon (D:10)
  5 water moccasins
  2 orc warriors
  An ice beast (D:6)
  6 wolves
  3 ogres
  2 centaurs
  2 phantoms
  2 kobold brigands
  4 bullfrogs
  A gnoll sergeant (D:11)
  2 elf zombies (Ossuary)
  3 scorpions
  3 wights (D:8)
  A crimson imp (D:6)
  3 centaur zombies (Ossuary)
  A quasit (D:4)
  6 orc priests
  3 hounds
  3 jellies
  2 human zombies (Ossuary)
  3 sleepcaps
  14 orc wizards
  A hound zombie (Ossuary)
  3 mummies (Ossuary)
  6 gnolls
  7 adders
  5 shadow imps
  3 white imps
  4 adder zombies (Ossuary)
  A worm (D:3)
  3 dart slugs
  45 orcs
  4 bats
  10 endoplasms
  5 giant cockroaches
  4 hobgoblins
  8 jackals
  15 kobolds
  4 quokkas
  6 ball pythons
  4 gnoll zombies (Ossuary)
  5 goblins
  3 goblin zombies (Ossuary)
  2 hobgoblin zombies (Ossuary)
  7 jackal zombies (Ossuary)
  2 kobold zombies (Ossuary)
  6 quokka zombies
  8 rats
  A rat zombie (Ossuary)
298 creatures vanquished.

Notes
Turn   | Place    | Note
-------+----------+-------------------------------------------
     0 | D:1      | Dawnplanks the Tengu Air Elementalist began the quest for
                  | the Orb.
     0 | D:1      | Reached XP level 1. HP: 10/10 MP: 4/4
    13 | D:1      | Got Sif Muna's Anthology of Liminal Bewitchment
   283 | D:1      | Reached XP level 2. HP: 15/15 MP: 1/6
   517 | D:1      | Reached XP level 3. HP: 19/19 MP: 5/7
   900 | D:2      | Reached skill level 5 in Air Magic
   998 | D:2      | Identified the +9 spear of Darkness {flame, Dex+3}
  1633 | D:3      | Reached XP level 4. HP: 24/24 MP: 6/8
  1917 | D:3      | Found a sacrificial altar of Ru.
  2024 | D:3      | Found a snail-covered altar of Cheibriados.
  2682 | D:4      | Noticed an ogre
  2692 | D:4      | Killed an ogre
  2693 | D:4      | Gained mutation: Your magical nature lets you fly swiftly
                  | and evasively. [Tengu growth]
  2693 | D:4      | Reached XP level 5. HP: 28/28 MP: 0/11
  2911 | D:4      | Reached skill level 6 in Air Magic
  2911 | D:4      | Reached XP level 6. HP: 24/32 MP: 1/12
  2999 | D:4      | Found an opulent altar of Gozag.
  3224 | D:4      | Noticed a water moccasin
  3229 | D:4      | Killed a water moccasin
  3230 | D:4      | Reached skill level 1 in Polearms
  3230 | D:4      | Reached skill level 7 in Air Magic
  3230 | D:4      | Reached XP level 7. HP: 36/36 MP: 11/13
  3249 | D:4      | Learned a level 2 spell: Static Discharge
  3253 | D:4      | Learned a level 3 spell: Swiftness
  3258 | D:4      | Learned a level 4 spell: Airstrike
  3335 | D:4      | Reached skill level 5 in Conjurations
  3508 | D:4      | Found Feah's Vocational Training.
  3985 | D:4      | Found a staircase to the Ecumenical Temple.
  3997 | Temple   | Entered the Ecumenical Temple
  3997 | Temple   | Found a transporter.
  3997 | Temple   | Found a transporter.
  4030 | Temple   | Found a transporter.
  4030 | Temple   | Found a transporter.
  4114 | D:5      | Entered Level 5 of the Dungeon
  4600 | D:5      | Reached XP level 8. HP: 42/42 MP: 7/16
  4669 | D:5      | Noticed Eustachio
  4674 | D:5      | Killed Eustachio
  4675 | D:5      | Reached skill level 5 in Spellcasting
  4675 | D:5      | Reached skill level 8 in Air Magic
  4906 | D:5      | Found an ornate altar of the Wu Jian Council.
  4906 | D:5      | Found a glowing silver altar of Zin.
  5217 | D:6      | Noticed Menkaure
  5219 | D:6      | Killed Menkaure
  5436 | D:6      | Noticed a two-headed ogre
  5461 | D:6      | Killed a two-headed ogre
  5462 | D:6      | Reached skill level 9 in Air Magic
  5462 | D:6      | Reached XP level 9. HP: 46/46 MP: 1/20
  5716 | D:6      | Reached skill level 10 in Air Magic
  5781 | D:6      | Found a shimmering altar of Xom.
  5782 | D:6      | Found a shimmering altar of Xom.
  5782 | D:6      | Found a shimmering altar of Xom.
  5974 | D:6      | Identified the +0 scale mail of the Past {Int+2 Dex+3}
  6090 | D:6      | Found a sparkling altar of Nemelex Xobeh.
  6290 | D:6      | Found a burning altar of Makhleb.
  6622 | D:7      | Noticed a two-headed ogre
  6625 | D:7      | Killed a two-headed ogre
  6626 | D:7      | Reached skill level 11 in Air Magic
  7249 | D:7      | Reached XP level 10. HP: 48/51 MP: 17/23
  7594 | D:8      | Learned a level 3 spell: Mephitic Cloud
  7596 | D:8      | Learned a level 1 spell: Magic Dart
  7641 | D:8      | Reached skill level 12 in Air Magic
  7655 | D:8      | Found a sand-covered staircase.
  7666 | Ossuary  | Entered an ossuary
  8520 | D:8      | Noticed Prince Ribbit
  8524 | D:8      | Killed Prince Ribbit
  8525 | D:8      | Reached skill level 1 in Fighting
  8655 | D:8      | Found a blossoming altar of Fedhas.
  9053 | D:9      | Found a staircase to the Orcish Mines.
  9439 | D:9      | Identified the ring "Ruodd" {rF+ MP+9 Str+5}
  9682 | D:9      | Reached skill level 1 in Poison Magic
  9705 | D:9      | Reached skill level 13 in Air Magic
 10008 | D:9      | Found a radiant altar of Vehumet.
 10015 | D:9      | Became a worshipper of Vehumet
 10022 | D:9      | Found an ancient bone altar of Kikubaaqudgha.
 10035 | D:9      | Reached XP level 11. HP: 38/55 MP: 22/25
 10039 | D:9      | Reached skill level 5 in Polearms
 10045 | D:9      | Got Kikubaaqudgha's Compilation of Malevolent Acts
 10092 | D:9      | Found a shimmering blue altar of Sif Muna.
 10346 | D:10     | Entered Level 10 of the Dungeon
 10377 | D:10     | Found a staircase to the Lair.
 10438 | D:10     | Noticed a two-headed ogre
 10441 | D:10     | Killed a two-headed ogre
 10542 | D:10     | Reached skill level 1 in Armour
 10668 | D:10     | Identified the +2 robe of the Desert {Regen+ Archmagi}
 10668 | D:10     | Noticed Amaemon
 10679 | D:10     | Killed Amaemon
 10918 | D:10     | Found Eroi's Magic Scroll Boutique.
 10921 | D:10     | You are sucked into a shaft and drop 2 floors!
 11009 | D:11     | Reached * piety under Vehumet
 11009 | D:11     | Offered knowledge of Sandblast by Vehumet.
 11010 | D:11     | Reached skill level 14 in Air Magic
 11133 | D:10     | Found a shadowy altar of Dithmenos.
 11169 | D:10     | Noticed a two-headed ogre
 11185 | D:10     | Killed a two-headed ogre
 11186 | D:10     | Reached skill level 10 in Spellcasting
 11705 | D:11     | Got the Opusculum on the Deep Freeze and the Birds
 11712 | D:11     | Learned a level 5 spell: Arcjolt
 11719 | D:11     | Learned a level 6 spell: Conjure Ball Lightning
 12334 | Lair:1   | Entered Level 1 of the Lair of Beasts
 12401 | Lair:1   | Reached XP level 12. HP: 52/62 MP: 0/27
 12404 | Lair:1   | Reached skill level 15 in Air Magic
 12479 | Lair:1   | Found a gate leading to a gauntlet.
 12500 | Gauntlet | Entered a Gauntlet
 12500 | Gauntlet | Found a transporter.
 12542 | Gauntlet | Found a runed translucent door.
 12546 | Gauntlet | Found a transporter.
 12557 | Gauntlet | Found a transporter.
 12560 | Gauntlet | Found a transporter.
 12564 | Gauntlet | Found a runed translucent door.
 12566 | Gauntlet | Found a runed translucent door.
 12568 | Gauntlet | Found a transporter.
 12590 | Gauntlet | Found a transporter.
 12601 | Gauntlet | Found a transporter.
 12610 | Gauntlet | Noticed a cacodemon
 12612 | Gauntlet | Found a transporter.
 12612 | Gauntlet | Noticed a thrashing horror
 12613 | Gauntlet | Noticed a thrashing horror
 12631 | Gauntlet | Found a transporter.
 12645 | Gauntlet | Found a transporter.
 12647 | Gauntlet | Found a transporter.
 12655 | Gauntlet | Found a transporter.
 12694 | Gauntlet | Found a transporter.
 12712 | Gauntlet | Found a transporter.
 12988 | Gauntlet | Offered knowledge of Poisonous Vapours by Vehumet.
 13032 | Gauntlet | Reached ** piety under Vehumet
 13119 | Gauntlet | Gained mutation: Your spells are a little easier to cast,
                  | but a little less powerful. [a cacodemon]
 13122 | Gauntlet | HP: 3/64 [cacodemon (8)]
 13123 | Gauntlet | Killed a cacodemon
 13128 | Gauntlet | Identified the +1 pair of gloves "Maif" {MP+9}
 13344 | Gauntlet | Identified the ring of Ceopait {Ice rN++ Will+}
 13344 | Gauntlet | Noticed a minotaur
 13356 | Gauntlet | Slain by a minotaur

Illustrated notes

Levels and vault maps discovered:
D:1:      minmay_arrival_arboretum_small, layout_loops_ring, serial_bayou_pond_e
D:2:      layout_rooms, minmay_misc_feat_ornament
D:3:      layout_basic, nicolae_ru_the_path_less_chosen, kennysheep_slug_shrine
D:4:      layout_loops_ring, mainiacjoe_overflow_concentric_impassable,
          minmay_temple_entry_antechambers, serial_demonic, serial_demonic_g,
          serial_demonic_d, serial_demonic_d, serial_demonic_c,
          serial_demonic_f, chequers_serial_rivers_micro_a,
          nicolae_shop_vocational
D:5:      layout_gridville, mainiacjoe_overflow_divided_tiny,
          hellmonk_bongcloud_opening, uniq_eustachio
D:6:      layout_basic, xom_redecorated, makhleb_grotto_becter,
          nemelex_spade_bored_becter, uniq_menkaure
D:7:      layout_basic, nicolae_sextant, dreamdust_princess_bridge
D:8:      layout_basic, mainiacjoe_overflow_boulevard, enter_ossuary_4,
          uniq_prince_ribbit1
D:9:      layout_rooms, palyth_temple_overflow_mages, david_orc_2, serial_glass,
          glass_columns_c, glass_columns_a, item_on_display_a,
          item_on_display_a, minmay_strange_pillars
D:10:     layout_cave_pools, grunt_dithmenos_smoke, lair_entry_dummy,
          serial_shops, shop, hangedman_abyss_or_decor_passed,
          kennysheep_generic_room_10, uniq_amaemon
D:11:     layout_irregular_city
D:12:     layout_stronghold
Temple:   hellmonk_temple_divided_pantheon
Lair:1:   layout_roguey, basic_altar, gauntlet_entry_generic, st_stairs_4
Gauntlet: minmay_gauntlet_77_tree [minmay_gauntlet_arena_77_path,
          minmay_gauntlet_arena_77_braids, minmay_gauntlet_arena_77_two_paths,
          minmay_gauntlet_arena_77_double_cross,
          minmay_gauntlet_arena_77_checkered,
          minmay_gauntlet_arena_77_tiled_triplets,
          minmay_gauntlet_arena_77_cramped,
          nicolae_gauntlet_exit_dead_adventurers]

Skill      XL: |  1  2  3  4  5  6  7  8  9 10 11 12 |
---------------+-------------------------------------+-----
Air Magic      | 5 6 7 9 11 13 14 15 | 15.4
Conjurations   | 2 3 4 5 6 8 9 |  9.6
Spellcasting   | 3 4 6 8 9 10 11 | 11.1
Polearms       | 1 2 3 4 5 6 |  6.2
Dodging        | 3 4 |  4.5
Fighting       | 1 2 |  2.5
Poison Magic   | 1 |  1.2
Armour         | 1 |  1.9
Stealth        | |  2.0

Action                     |  1- 3 |  4- 6 |  7- 9 | 10-12 || total
---------------------------+-------+-------+-------+-------++-------
  Melee: Unarmed           |     3 |       |       |       ||     3
         Kick              |     3 |     1 |     6 |    67 ||    77
         Spear             |     6 |    15 |    33 |   213 ||   267
         Whip              |     4 |       |       |       ||     4
         Peck              |       |     1 |     5 |    50 ||    56
         Punch             |       |       |       |     3 ||     3
   Cast: Shock             |    65 |    80 |   105 |   176 ||   426
         Airstrike         |       |       |    37 |    61 ||    98
         Swiftness         |       |       |     1 |     1 ||     2
         Mephitic Cloud    |       |       |       |    13 ||    13
         Static Discharge  |       |       |       |     5 ||     5
         Arcjolt           |       |       |       |    23 ||    23
    Use: Scroll            |       |       |       |     8 ||     8
         Potion            |       |       |       |     3 ||     3
   Stab: Sleeping          |     1 |       |     1 |     4 ||     6
         Confused          |       |       |       |    10 ||    10
 Armour: Robe              |     6 |     1 |     1 |    23 ||    31
         Leather armour    |       |       |       |     9 ||     9
  Dodge: Dodged            |     7 |     5 |    16 |   140 ||   168

Table legend: (Time is in decaauts)
 A = Elapsed time spent in this place.
 B = Non-inter-level travel time spent in this place.
 C = Inter-level travel time spent in this place.
 D = Time resting spent in this place.
 E = Time spent auto-exploring this place.
 F = Levels seen in this place.
 G = Mean time per level.
                   A        B        C        D        E       F      G
               +--------+--------+--------+--------+--------+-----+--------+
         Total |  12786 |  12280 |    506 |    638 |   9789 |  16 |  799.1 |
       Dungeon |  11113 |  10673 |    440 |    345 |   9065 |  12 |  926.1 |
        Temple |     71 |     39 |     32 |      0 |     31 |   1 |   71.0 |
          Lair |    152 |    118 |     34 |     51 |      0 |   1 |  152.0 |
       Ossuary |    644 |    644 |      0 |      0 |    472 |   1 |  644.0 |
      Gauntlet |    804 |    804 |      0 |    242 |    219 |   1 |  804.0 |
               +--------+--------+--------+--------+--------+-----+--------+

Top non-repeatable levels by time:
     D:4: 1445 daAuts
     D:6: 1166 daAuts
     D:3: 1142 daAuts
     D:7: 1104 daAuts
     D:8: 1032 daAuts
     D:5: 994 daAuts
    D:10: 989 daAuts
     D:9: 964 daAuts
     D:1: 893 daAuts
    D:11: 825 daAuts
Gauntlet: 804 daAuts
 Ossuary: 644 daAuts
     D:2: 494 daAuts
  Lair:1: 152 daAuts
  Temple: 71 daAuts
